Capitals vs Stars
Created - March 8, 2021 at 19:11
Goals
|
| Capitals |
0 |
0 |
1 |
1 |
| Stars |
3 |
0 |
0 |
3 |
|
Shots
|
| Capitals |
10 |
8 |
5 |
23 |
| Stars |
13 |
3 |
13 |
29 |
|
1st period
1. Stars , Michael Grabner 25 (Brian Lee 40, Guillaume Latendresse 42) at 0:08
2. Stars , John Tavares 30 (Brian Lee 41, Guillaume Latendresse 43) at 13:38
3. Stars , Michael Grabner 26 (John Tavares 71) at 19:03
Penalties :
No Penalty
2nd period
No Goal
Penalties :
Michael Grabner (Dal) for Boarding (Major) at 0:22, Alexander Frolov (Dal) for Tripping (Minor) at 16:01, Ted Purcell (Dal) for Tripping (Minor) at 19:25
3rd period
4. Capitals , Jason Pominville 22 (Jamie Benn 15, Ryan Getzlaf 25) at 13:19
Penalties :
Ryan Suter (Was) for Holding (Minor) at 1:43, Jason Pominville (Was) for Roughing (Minor) at 4:15, Dustin Brown (Was) for Holding (Minor) at 7:55, Joe Pavelski (Was) for Holding (Minor) at 10:47
Goalie Stats
Keith Kinkaid (Was), 26 saves from 29 shots - (0.897), L, 10-7-1, 60:00 minutes
Cory Schneider (Dal), 22 saves from 23 shots - (0.957), W, 23-15-0, 60:00 minutes
Players Stats for Capitals
Player Name G A P +/- PIM S H SB GA TA FO MP PP MP PK MP
------------------------------------------------------------------------------------
Alexander Steen 0 0 0 0 0 1 1 0 0 1 0/2 14:56 1:22 1:47
Brent Burns 0 0 0 -3 0 0 0 5 0 0 0/0 25:50 5:13 5:20
Derek Roy 0 0 0 -1 0 2 1 1 0 1 7/15 20:43 3:54 2:39
Duncan Keith 0 0 0 1 0 1 1 1 0 1 0/0 19:49 3:05 2:36
Dustin Brown 0 0 0 0 2 0 0 1 0 0 0/1 13:27 1:19 0:00
Jamie Benn 0 1 1 -1 0 1 1 0 0 1 1/1 15:47 3:41 0:00
Jared Spurgeon 0 0 0 0 0 0 0 0 0 0 0/0 2:29 0:00 0:00
Jason Pominville 1 0 1 -1 2 8 0 0 0 0 2/4 20:12 3:41 4:14
Joe Pavelski 0 0 0 -1 2 1 1 0 1 0 9/16 24:40 3:57 4:02
Marc-Édouard Vlasic 0 0 0 0 0 0 0 0 1 0 0/0 12:27 0:39 0:00
Mike Green 0 0 0 -3 0 1 3 2 1 0 0/0 27:44 5:13 5:20
Mikko Koivu 0 0 0 0 0 0 1 0 0 1 2/7 15:33 0:38 1:56
Ondrej Palat 0 0 0 0 0 1 2 1 0 0 0/0 6:15 0:05 0:25
Patrick Sharp 0 0 0 -1 0 3 2 0 0 0 0/1 17:17 3:52 0:00
Ryan Getzlaf 0 1 1 -1 0 2 0 0 0 0 4/15 16:46 3:41 0:49
Ryan Suter 0 0 0 0 2 0 1 1 0 0 0/0 12:21 0:39 0:00
T.J. Oshie 0 0 0 0 0 0 0 0 0 0 0/0 6:12 0:41 0:00
Trevor Daley 0 0 0 1 0 2 0 0 1 2 0/0 19:32 3:05 2:36
Players Stats for Stars
Player Name G A P +/- PIM S H SB GA TA FO MP PP MP PK MP
------------------------------------------------------------------------------------
Alex Chiasson 0 0 0 0 0 0 3 0 0 0 0/0 13:43 2:59 0:00
Alexander Frolov 0 0 0 0 2 1 1 0 1 0 1/1 15:39 2:59 1:34
Antoine Vermette 0 0 0 0 0 2 1 0 0 0 10/17 16:31 2:59 2:48
B.J. Crombeen 0 0 0 -1 0 0 0 1 1 0 0/0 9:38 0:03 0:00
Boris Valabik 0 0 0 -1 0 1 0 1 0 0 0/0 20:31 2:58 3:51
Brian Lee 0 2 2 2 0 2 1 2 0 1 0/0 27:44 4:58 4:27
Cam Atkinson 0 0 0 0 0 0 3 0 0 0 0/0 7:57 0:00 0:00
Cory Emmerton 0 0 0 -1 0 2 0 0 0 0 4/6 10:23 0:03 0:15
Evgeny Grachev 0 0 0 0 0 1 0 0 1 0 2/2 10:24 0:00 2:04
Guillaume Latendresse 0 2 2 3 0 2 2 1 0 0 1/3 23:14 4:54 4:18
Ian White 0 0 0 2 0 1 1 0 0 0 0/0 27:26 4:58 4:27
Jesse Joensuu 0 0 0 0 0 1 0 0 0 0 1/1 8:24 0:00 0:01
John Tavares 1 1 2 3 0 11 6 0 0 0 17/30 23:38 4:57 4:19
Michael Grabner 2 0 2 3 5 4 2 1 0 1 1/1 20:20 4:54 1:03
Paul Ladue 0 0 0 1 0 0 0 0 0 1 0/0 12:08 0:00 0:59
Shane O'Brien 0 0 0 -1 0 1 0 0 0 1 0/0 20:08 2:58 3:31
Ted Purcell 0 0 0 -1 2 0 1 0 2 0 0/1 11:09 0:00 1:32
Tyson Barrie 0 0 0 1 0 0 0 0 2 0 0/0 12:03 0:00 0:39
3 Stars
1 - John Tavares (Dal)
2 - Michael Grabner (Dal)
3 - Guillaume Latendresse (Dal)
Power Play
Capitals - 0 on 3 Attempt(s) - 0.00%
Stars - 0 on 4 Attempt(s) - 0.00%
Penalty Kill
Capitals - 4 on 4 Attempt(s) - 100.00%
- Score 0 goal in Penalty Kill
Stars - 3 on 3 Attempt(s) - 100.00%
- Score 0 goal in Penalty Kill
Team Stat
Capitals - Hits : 14 - Faceoff Wins : 25 - Blocked Shots : 12 - Penalty Minutes : 8
Stars - Hits : 21 - Faceoff Wins : 37 - Blocked Shots : 6 - Penalty Minutes : 9
Official
Referees : Unknown
Linesman : Unknown
Game Notes
No Game Note
Finance
Level 1 -- Attendance: 4599 (76.65%) -- Ticket Income $528,885
Level 2 -- Attendance: 4424 (88.48%) -- Ticket Income $309,680
Level 3 -- Attendance: 1799 (89.95%) -- Ticket Income $80,955
Level 4 -- Attendance: 3093 (77.33%) -- Ticket Income $108,255
Luxury Box -- Attendance: 838 (83.80%) -- Ticket Income $180,170
Game was played at the American Airlines Center.
Total Attendance: 14753 (81.96%)
Total Ticket Income: $1,207,945
Other Income: $181,192
Total Income: $1,389,137
Capitals
5 vs 5 Forward
Center Left Wing Right Wing Time % Phy DF OF
1 Derek Roy Patrick Sharp Joe Pavelski 40 1 2 2
2 Ryan Getzlaf Jamie Benn Jason Pominville 30 1 2 2
3 Mikko Koivu Alexander Steen Dustin Brown 20 1 2 2
4 Joe Pavelski Ondrej Palat T.J. Oshie 10 1 2 2
5 vs 5 Defense
Defense Defense Time % Phy DF OF
1 Mike Green Brent Burns 40 1 2 2
2 Trevor Daley Duncan Keith 30 1 2 2
3 Ryan Suter Marc-Édouard Vlasic 20 1 2 2
4 Jared Spurgeon Mike Green 10 1 2 2
PowerPlay Forward
Center Left Wing Right Wing Time % Phy DF OF
1 Derek Roy Patrick Sharp Joe Pavelski 60 1 2 2
2 Ryan Getzlaf Jamie Benn Jason Pominville 40 1 2 2
PowerPlay Defense
Defense Defense Time % Phy DF OF
1 Mike Green Brent Burns 60 1 2 2
2 Trevor Daley Duncan Keith 40 1 2 2
Penalty Kill 4 Players Forward
Center Wing Time % Phy DF OF
1 Joe Pavelski Jason Pominville 60 1 2 2
2 Derek Roy Ryan Getzlaf 40 1 2 2
Penalty Kill 4 Players Defense
Defense Defense Time % Phy DF OF
1 Mike Green Brent Burns 60 1 2 2
2 Trevor Daley Duncan Keith 40 1 2 2
Penalty Kill - 3 Players Forward
Forward Time % Phy DF OF
1 Joe Pavelski 60 1 2 2
2 Jason Pominville 40 1 2 2
Penalty Kill - 3 Players Defense
Defense Defense Time % Phy DF OF
1 Mike Green Brent Burns 60 1 2 2
2 Trevor Daley Duncan Keith 40 1 2 2
4 vs 4 Forward
Center Wing Time % Phy DF OF
1 Joe Pavelski Jason Pominville 60 1 2 2
2 Derek Roy Ryan Getzlaf 40 1 2 2
4 vs 4 Defense
Defense Defense Time % Phy DF OF
1 Mike Green Brent Burns 60 1 2 2
2 Trevor Daley Duncan Keith 40 1 2 2
Last Minutes Offensive
Center Left Wing Right Wing Defense Defense
Derek Roy Patrick Sharp Joe Pavelski Mike Green Brent Burns
Last Minutes Defensive
Center Left Wing Right Wing Defense Defense
Derek Roy Patrick Sharp Joe Pavelski Mike Green Brent Burns
Goaltenders
Starting : Keith Kinkaid
Backup : Marc-André Fleury
Extra Forwards
Normal : Alexander Steen, Dustin Brown, Mikko Koivu - PP : Alexander Steen, Dustin Brown - PK : Mikko Koivu
Extra Defensemen
Normal : Ryan Suter, Marc-Édouard Vlasic, Jared Spurgeon - PP : Ryan Suter - PK : Marc-Édouard Vlasic, Jared Spurgeon
Penalty Shots
Joe Pavelski, Jason Pominville, Derek Roy, Ryan Getzlaf, Patrick Sharp
Scratches
Ryan Nugent-Hopkins (Healthy)
Stars
5 vs 5 Forward
Center Left Wing Right Wing Time % Phy DF OF
1 John Tavares Guillaume Latendresse Michael Grabner 40 1 2 2
2 Antoine Vermette Alexander Frolov Alex Chiasson 30 1 2 2
3 Cory Emmerton Ted Purcell B.J. Crombeen 20 1 2 2
4 Evgeny Grachev Jesse Joensuu Cam Atkinson 10 1 2 2
5 vs 5 Defense
Defense Defense Time % Phy DF OF
1 Ian White Brian Lee 40 1 2 2
2 Shane O'Brien Boris Valabik 30 1 2 2
3 Tyson Barrie Paul Ladue 20 1 2 2
4 Ian White Brian Lee 10 1 2 2
PowerPlay Forward
Center Left Wing Right Wing Time % Phy DF OF
1 John Tavares Guillaume Latendresse Michael Grabner 60 0 1 4
2 Antoine Vermette Alexander Frolov Alex Chiasson 40 0 1 4
PowerPlay Defense
Defense Defense Time % Phy DF OF
1 Ian White Brian Lee 60 0 1 4
2 Shane O'Brien Boris Valabik 40 0 1 4
Penalty Kill 4 Players Forward
Center Wing Time % Phy DF OF
1 John Tavares Guillaume Latendresse 60 0 3 2
2 Antoine Vermette Michael Grabner 40 0 3 2
Penalty Kill 4 Players Defense
Defense Defense Time % Phy DF OF
1 Ian White Brian Lee 60 0 3 2
2 Shane O'Brien Boris Valabik 40 0 3 2
Penalty Kill - 3 Players Forward
Forward Time % Phy DF OF
1 John Tavares 60 0 3 2
2 Guillaume Latendresse 40 0 3 2
Penalty Kill - 3 Players Defense
Defense Defense Time % Phy DF OF
1 Ian White Brian Lee 60 0 3 2
2 Shane O'Brien Boris Valabik 40 0 3 2
4 vs 4 Forward
Center Wing Time % Phy DF OF
1 John Tavares Guillaume Latendresse 60 0 2 3
2 Antoine Vermette Michael Grabner 40 0 2 3
4 vs 4 Defense
Defense Defense Time % Phy DF OF
1 Ian White Brian Lee 60 0 2 3
2 Shane O'Brien Boris Valabik 40 0 2 3
Last Minutes Offensive
Center Left Wing Right Wing Defense Defense
John Tavares Guillaume Latendresse Michael Grabner Ian White Brian Lee
Last Minutes Defensive
Center Left Wing Right Wing Defense Defense
John Tavares Guillaume Latendresse Michael Grabner Ian White Brian Lee
Goaltenders
Starting : Cory Schneider
Backup : Matt Murray
Extra Forwards
Normal : Alexander Frolov, Cory Emmerton, Evgeny Grachev - PP : Alexander Frolov, Cory Emmerton - PK : Evgeny Grachev
Extra Defensemen
Normal : Tyson Barrie, Paul Ladue, Shane O'Brien - PP : Tyson Barrie - PK : Paul Ladue, Shane O'Brien
Penalty Shots
John Tavares, Guillaume Latendresse, Alex Chiasson, Michael Grabner, Antoine Vermette
Scratches
Jussi Jokinen (Strained Left Elbow Injury), Andrej Sustr (Healthy), Damien Brunner (Healthy)
% Time on Ice - Capitals
Lines # - Real PCT - Wanted PCT - Time Play
Normal Forward
1 - 34% - 40% - 14:44
2 - 28% - 30% - 12:16
3 - 25% - 20% - 10:50
4 - 12% - 10% - 5:17
Normal Defense
1 - 35% - 40% - 15:17
2 - 32% - 30% - 13:51
3 - 27% - 20% - 11:30
4 - 6% - 10% - 2:29
PP Forward
1 - 56% - 60% - 5:01
2 - 44% - 40% - 3:56
PP Defense
1 - 66% - 60% - 5:52
2 - 34% - 40% - 3:05
PK Forward
1 - 90% - 60% - 7:07
2 - 10% - 40% - 0:49
PK Defense
1 - 67% - 60% - 5:20
2 - 33% - 40% - 2:36
PK3 Forward
1 - 0% - 60%
2 - 0% - 40%
PK3 Defense
1 - 0% - 60%
2 - 0% - 40%
44 Forward
1 - 0% - 60%
2 - 0% - 40%
44 Defense
1 - 0% - 60%
2 - 0% - 40%
Last Minute Offensive - 0:00
Last Minute Defensive - 0:00
Total
Forward - 60:00
Defense - 60:00
|
% Time on Ice - Stars
Lines # - Real PCT - Wanted PCT - Time Play
Normal Forward
1 - 35% - 40% - 14:56
2 - 25% - 30% - 10:44
3 - 22% - 20% - 9:30
4 - 18% - 10% - 7:57
Normal Defense
1 - 38% - 40% - 16:22
2 - 32% - 30% - 13:39
3 - 27% - 20% - 11:38
4 - 3% - 10% - 1:28
PP Forward
1 - 62% - 60% - 4:57
2 - 38% - 40% - 2:59
PP Defense
1 - 63% - 60% - 4:58
2 - 37% - 40% - 2:58
PK Forward
1 - 76% - 60% - 6:47
2 - 24% - 40% - 2:10
PK Defense
1 - 61% - 60% - 5:26
2 - 39% - 40% - 3:31
PK3 Forward
1 - 0% - 60%
2 - 0% - 40%
PK3 Defense
1 - 0% - 60%
2 - 0% - 40%
44 Forward
1 - 0% - 60%
2 - 0% - 40%
44 Defense
1 - 0% - 60%
2 - 0% - 40%
Last Minute Offensive - 0:00
Last Minute Defensive - 0:00
Total
Forward - 60:00
Defense - 60:00
|
Play-by-Play
1st period
0:01 of 1st period - John Tavares wins face-off versus Derek Roy in neutral zone.
0:04 of 1st period - Slapshot by Guillaume Latendresse.
0:04 of 1st period - Stopped by Keith Kinkaid with a rebound.
0:06 of 1st period - Slapshot by Brian Lee.
0:06 of 1st period - Stopped by Keith Kinkaid with a rebound.
0:08 of 1st period - Snap shot by Michael Grabner.
0:08 of 1st period - Goal by Michael Grabner - Capitals : 0 - Stars : 1.
0:09 of 1st period - Antoine Vermette wins face-off versus Jason Pominville in neutral zone.
0:12 of 1st period - Snap shot by Alexander Frolov.
0:12 of 1st period - Shot Misses the Net.
0:14 of 1st period - Backhand shot by Boris Valabik.
0:14 of 1st period - Stopped by Keith Kinkaid without a rebound.
0:15 of 1st period - Ryan Getzlaf wins face-off versus Antoine Vermette in Capitals zone.
0:24 of 1st period - Shane O'Brien is hit by Jamie Benn and loses puck.
1:07 of 1st period - Snap shot by Joe Pavelski.
1:07 of 1st period - Deflect By Patrick Sharp.
1:07 of 1st period - Stopped by Cory Schneider with a rebound.
1:09 of 1st period - Wrist shot by Derek Roy.
1:09 of 1st period - Stopped by Cory Schneider without a rebound.
1:10 of 1st period - Joe Pavelski wins face-off versus John Tavares in Stars zone.
1:23 of 1st period - Snap shot by Michael Grabner.
1:23 of 1st period - Shot Blocked by Ondrej Palat.
2:00 of 1st period - Wrist shot by Jamie Benn.
2:00 of 1st period - Shot Misses the Net.
2:02 of 1st period - Wrist shot by Jason Pominville.
2:02 of 1st period - Stopped by Cory Schneider with a rebound.
2:04 of 1st period - Snap shot by Ryan Getzlaf.
2:04 of 1st period - Shot Misses the Net.
3:02 of 1st period - Icing by Guillaume Latendresse.
3:03 of 1st period - Evgeny Grachev wins face-off versus Ryan Getzlaf in Stars zone.
3:32 of 1st period - Snap shot by Derek Roy.
3:32 of 1st period - Shot Misses the Net.
3:58 of 1st period - Snap shot by Mikko Koivu.
3:58 of 1st period - Shot Blocked by Michael Grabner.
4:35 of 1st period - Evgeny Grachev is hit by Ryan Suter.
5:11 of 1st period - Ryan Getzlaf is hit by John Tavares and loses puck.
5:18 of 1st period - Slapshot by John Tavares.
5:18 of 1st period - Stopped by Keith Kinkaid with a rebound.
6:39 of 1st period - Patrick Sharp is hit by Antoine Vermette and loses puck.
6:46 of 1st period - Ian White is hit by Derek Roy and loses puck.
7:23 of 1st period - Slapshot by John Tavares.
7:23 of 1st period - Shot Blocked by Duncan Keith.
8:01 of 1st period - Slapshot by Shane O'Brien.
8:01 of 1st period - Deflect By Ted Purcell.
8:01 of 1st period - Shot Misses the Net.
8:01 of 1st period - Puck is out of play.
8:02 of 1st period - John Tavares wins face-off versus Mikko Koivu in Capitals zone.
8:03 of 1st period - Snap shot by Guillaume Latendresse.
8:03 of 1st period - Shot Blocked by Brent Burns.
8:14 of 1st period - Slapshot by Michael Grabner.
8:14 of 1st period - Stopped by Keith Kinkaid without a rebound.
8:15 of 1st period - Joe Pavelski wins face-off versus John Tavares in Capitals zone.
8:30 of 1st period - Snap shot by Patrick Sharp.
8:30 of 1st period - Shot Blocked by Guillaume Latendresse.
8:54 of 1st period - Slapshot by Jason Pominville.
8:54 of 1st period - Stopped by Cory Schneider with a rebound.
8:56 of 1st period - Slapshot by Duncan Keith.
8:56 of 1st period - Stopped by Cory Schneider with a rebound.
8:58 of 1st period - Wrist shot by Jamie Benn.
8:58 of 1st period - Shot Misses the Net.
10:31 of 1st period - Ted Purcell is hit by Alexander Steen and loses puck.
11:24 of 1st period - Ryan Suter is hit by Guillaume Latendresse and loses puck.
11:35 of 1st period - Slapshot by Antoine Vermette.
11:35 of 1st period - Shot Blocked by Derek Roy.
11:37 of 1st period - Wrist shot by Alexander Frolov.
11:37 of 1st period - Stopped by Keith Kinkaid without a rebound.
11:38 of 1st period - Antoine Vermette wins face-off versus Patrick Sharp in Capitals zone.
11:59 of 1st period - Ryan Getzlaf is hit by John Tavares.
12:38 of 1st period - Snap shot by B.J. Crombeen.
12:38 of 1st period - Shot Misses the Net.
13:24 of 1st period - Snap shot by Evgeny Grachev.
13:24 of 1st period - Deflect By John Tavares.
13:24 of 1st period - Shot Misses the Net.
13:24 of 1st period - Puck is out of play.
13:25 of 1st period - John Tavares wins face-off versus Ryan Getzlaf in Capitals zone.
13:32 of 1st period - Wrist shot by John Tavares.
13:32 of 1st period - Shot Misses the Net.
13:34 of 1st period - Snap shot by Brian Lee.
13:34 of 1st period - Shot Blocked by Mike Green.
13:36 of 1st period - Slapshot by John Tavares.
13:36 of 1st period - Shot Misses the Net.
13:38 of 1st period - Snap shot by John Tavares.
13:38 of 1st period - Goal by John Tavares - Capitals : 0 - Stars : 2.
13:39 of 1st period - Derek Roy wins face-off versus John Tavares in neutral zone.
13:48 of 1st period - Snap shot by Patrick Sharp.
13:48 of 1st period - Shot Blocked by Brian Lee.
13:54 of 1st period - Snap shot by Patrick Sharp.
13:54 of 1st period - Stopped by Cory Schneider with a rebound.
13:56 of 1st period - Snap shot by Brent Burns.
13:56 of 1st period - Deflect By Patrick Sharp.
13:56 of 1st period - Stopped by Cory Schneider without a rebound.
13:57 of 1st period - Antoine Vermette wins face-off versus Ryan Getzlaf in Stars zone.
14:24 of 1st period - Brian Lee is hit by Mikko Koivu and loses puck.
14:55 of 1st period - Snap shot by John Tavares.
14:55 of 1st period - Stopped by Keith Kinkaid without a rebound.
14:56 of 1st period - Joe Pavelski wins face-off versus Antoine Vermette in Capitals zone.
15:51 of 1st period - Wrist shot by John Tavares.
15:51 of 1st period - Stopped by Keith Kinkaid with a rebound.
15:54 of 1st period - Icing by Jamie Benn.
15:55 of 1st period - Antoine Vermette wins face-off versus Ryan Getzlaf in Capitals zone.
16:34 of 1st period - Wrist shot by Ryan Getzlaf.
16:34 of 1st period - Stopped by Cory Schneider with a rebound.
16:36 of 1st period - Snap shot by Jason Pominville.
16:36 of 1st period - Stopped by Cory Schneider without a rebound.
16:37 of 1st period - Derek Roy wins face-off versus John Tavares in Stars zone.
17:01 of 1st period - Icing by Patrick Sharp.
17:02 of 1st period - Cory Emmerton wins face-off versus Mikko Koivu in Capitals zone.
17:09 of 1st period - Slapshot by Brian Lee.
17:09 of 1st period - Stopped by Keith Kinkaid with a rebound.
17:50 of 1st period - Snap shot by Ondrej Palat.
17:50 of 1st period - Shot Blocked by Brian Lee.
18:43 of 1st period - Wrist shot by Ryan Getzlaf.
18:43 of 1st period - Shot Misses the Net.
18:45 of 1st period - Slapshot by Jason Pominville.
18:45 of 1st period - Stopped by Cory Schneider with a rebound.
18:59 of 1st period - Wrist shot by John Tavares.
18:59 of 1st period - Shot Misses the Net.
19:01 of 1st period - Snap shot by Guillaume Latendresse.
19:01 of 1st period - Deflect By Michael Grabner.
19:01 of 1st period - Stopped by Keith Kinkaid without a rebound.
19:02 of 1st period - John Tavares wins face-off versus Ryan Getzlaf in Capitals zone.
19:03 of 1st period - Wrist shot by Michael Grabner.
19:03 of 1st period - Goal by Michael Grabner - Capitals : 0 - Stars : 3.
19:04 of 1st period - Derek Roy wins face-off versus Guillaume Latendresse in neutral zone.
19:38 of 1st period - Wrist shot by Alex Chiasson.
19:38 of 1st period - Shot Misses the Net.
Goals for this period are 0 for Capitals vs 3 for Stars.
Shots for this period are 10 for Capitals vs 13 for Stars.
2nd period
0:01 of 2nd period - Derek Roy wins face-off versus John Tavares in neutral zone.
0:22 of 2nd period - Major Penalty to Michael Grabner for Boarding.
0:23 of 2nd period - Derek Roy wins face-off versus John Tavares in Stars zone.
1:46 of 2nd period - Patrick Sharp is hit by John Tavares.
5:22 of 2nd period - Penalty to Michael Grabner is over, Michael Grabner is back on ice.
5:27 of 2nd period - Michael Grabner is hit by Ondrej Palat and loses puck.
6:52 of 2nd period - Derek Roy is hit by Michael Grabner.
7:34 of 2nd period - Ondrej Palat is hit by Michael Grabner and loses puck.
8:10 of 2nd period - Derek Roy is hit by Guillaume Latendresse and loses puck.
8:53 of 2nd period - Ryan Suter is hit by Ian White and loses puck.
9:20 of 2nd period - Jamie Benn is hit by Cam Atkinson.
9:24 of 2nd period - Ryan Getzlaf is hit by Cam Atkinson.
10:04 of 2nd period - Patrick Sharp is hit by John Tavares and loses puck.
10:24 of 2nd period - Icing by Boris Valabik.
10:25 of 2nd period - Mikko Koivu wins face-off versus Antoine Vermette in Stars zone.
10:26 of 2nd period - Snap shot by Alexander Steen.
10:26 of 2nd period - Stopped by Cory Schneider without a rebound.
10:27 of 2nd period - Antoine Vermette wins face-off versus Mikko Koivu in Stars zone.
11:12 of 2nd period - Snap shot by Jason Pominville.
11:12 of 2nd period - Stopped by Cory Schneider without a rebound.
11:13 of 2nd period - Antoine Vermette wins face-off versus Ryan Getzlaf in Stars zone.
11:18 of 2nd period - Mike Green is hit by Alex Chiasson.
11:28 of 2nd period - Slapshot by Ryan Getzlaf.
11:28 of 2nd period - Stopped by Cory Schneider with a rebound.
11:42 of 2nd period - Wrist shot by Joe Pavelski.
11:42 of 2nd period - Stopped by Cory Schneider without a rebound.
11:43 of 2nd period - Cory Emmerton wins face-off versus Joe Pavelski in Stars zone.
12:27 of 2nd period - Duncan Keith is hit by Ted Purcell.
12:35 of 2nd period - Slapshot by Cory Emmerton.
12:35 of 2nd period - Stopped by Keith Kinkaid without a rebound.
12:36 of 2nd period - Guillaume Latendresse wins face-off versus Ryan Getzlaf in Capitals zone.
12:37 of 2nd period - Wrist shot by John Tavares.
12:37 of 2nd period - Stopped by Keith Kinkaid with a rebound.
12:47 of 2nd period - Snap shot by Jamie Benn.
12:47 of 2nd period - Stopped by Cory Schneider without a rebound.
12:48 of 2nd period - Jamie Benn wins face-off versus John Tavares in Stars zone.
13:36 of 2nd period - Slapshot by Trevor Daley.
13:36 of 2nd period - Stopped by Cory Schneider without a rebound.
13:37 of 2nd period - Jesse Joensuu wins face-off versus Derek Roy in Stars zone.
14:15 of 2nd period - Icing by Brent Burns.
14:16 of 2nd period - John Tavares wins face-off versus Derek Roy in Capitals zone.
14:31 of 2nd period - Slapshot by Derek Roy.
14:31 of 2nd period - Deflect By Joe Pavelski.
14:31 of 2nd period - Shot Misses the Net.
14:31 of 2nd period - Puck is out of play.
14:32 of 2nd period - Antoine Vermette wins face-off versus Ryan Getzlaf in Stars zone.
14:36 of 2nd period - Off-side.
14:37 of 2nd period - Antoine Vermette wins face-off versus Ryan Getzlaf in neutral zone.
14:40 of 2nd period - Jason Pominville is hit by Alex Chiasson.
14:50 of 2nd period - Slapshot by Jason Pominville.
14:50 of 2nd period - Stopped by Cory Schneider without a rebound.
14:51 of 2nd period - John Tavares wins face-off versus Derek Roy in Stars zone.
15:00 of 2nd period - Wrist shot by John Tavares.
15:00 of 2nd period - Stopped by Keith Kinkaid without a rebound.
15:01 of 2nd period - John Tavares wins face-off versus Derek Roy in Capitals zone.
15:44 of 2nd period - Icing by Brian Lee.
15:45 of 2nd period - Ryan Getzlaf wins face-off versus John Tavares in Stars zone.
15:56 of 2nd period - Snap shot by Jason Pominville.
15:56 of 2nd period - Stopped by Cory Schneider without a rebound.
15:57 of 2nd period - Ryan Getzlaf wins face-off versus Antoine Vermette in Stars zone.
16:01 of 2nd period - Minor Penalty to Alexander Frolov for Tripping.
16:02 of 2nd period - John Tavares wins face-off versus Derek Roy in Stars zone.
18:01 of 2nd period - Penalty to Alexander Frolov is over, Alexander Frolov is back on ice.
19:25 of 2nd period - Minor Penalty to Ted Purcell for Tripping.
19:26 of 2nd period - John Tavares wins face-off versus Ryan Getzlaf in Stars zone.
Goals for this period are 0 for Capitals vs 0 for Stars.
Shots for this period are 8 for Capitals vs 3 for Stars.
3rd period
0:01 of 3rd period - Derek Roy wins face-off versus John Tavares in neutral zone.
0:10 of 3rd period - Snap shot by Derek Roy.
0:10 of 3rd period - Deflect By John Tavares.
0:10 of 3rd period - Shot Misses the Net.
0:10 of 3rd period - Puck is out of play.
0:11 of 3rd period - John Tavares wins face-off versus Derek Roy in Stars zone.
0:28 of 3rd period - Wrist shot by Joe Pavelski.
0:28 of 3rd period - Shot Misses the Net.
1:16 of 3rd period - Slapshot by Antoine Vermette.
1:16 of 3rd period - Stopped by Keith Kinkaid with a rebound.
1:25 of 3rd period - Penalty to Ted Purcell is over, Ted Purcell is back on ice.
1:35 of 3rd period - Slapshot by Shane O'Brien.
1:35 of 3rd period - Stopped by Keith Kinkaid with a rebound.
1:37 of 3rd period - Backhand shot by Shane O'Brien.
1:37 of 3rd period - Shot Misses the Net.
1:39 of 3rd period - Wrist shot by Jesse Joensuu.
1:39 of 3rd period - Stopped by Keith Kinkaid without a rebound.
1:40 of 3rd period - Mikko Koivu wins face-off versus Antoine Vermette in Capitals zone.
1:40 of 3rd period - Mikko Koivu is hit by Alexander Frolov.
1:43 of 3rd period - Minor Penalty to Ryan Suter for Holding.
1:44 of 3rd period - John Tavares wins face-off versus Joe Pavelski in Capitals zone.
1:44 of 3rd period - Slapshot by Guillaume Latendresse.
1:44 of 3rd period - Shot Misses the Net.
1:46 of 3rd period - Slapshot by Ian White.
1:46 of 3rd period - Stopped by Keith Kinkaid with a rebound.
1:48 of 3rd period - Slapshot by Brian Lee.
1:48 of 3rd period - Shot Misses the Net.
1:50 of 3rd period - Snap shot by Guillaume Latendresse.
1:50 of 3rd period - Stopped by Keith Kinkaid without a rebound.
1:51 of 3rd period - Jason Pominville wins face-off versus John Tavares in Capitals zone.
2:02 of 3rd period - Jason Pominville is hit by Brian Lee and loses puck.
2:07 of 3rd period - Snap shot by John Tavares.
2:07 of 3rd period - Stopped by Keith Kinkaid with a rebound.
2:24 of 3rd period - Icing by Antoine Vermette.
2:25 of 3rd period - Joe Pavelski wins face-off versus Antoine Vermette in Stars zone.
2:37 of 3rd period - Icing by Ian White.
2:38 of 3rd period - Joe Pavelski wins face-off versus Antoine Vermette in Stars zone.
2:49 of 3rd period - Snap shot by Michael Grabner.
2:49 of 3rd period - Shot Hit the Post.
2:51 of 3rd period - Wrist shot by John Tavares.
2:51 of 3rd period - Stopped by Keith Kinkaid without a rebound.
2:52 of 3rd period - John Tavares wins face-off versus Joe Pavelski in Capitals zone.
3:17 of 3rd period - Brent Burns is hit by John Tavares and loses puck.
3:43 of 3rd period - Penalty to Ryan Suter is over, Ryan Suter is back on ice.
3:44 of 3rd period - Ryan Suter is hit by John Tavares and loses puck.
3:55 of 3rd period - Wrist shot by John Tavares.
3:55 of 3rd period - Deflect By Michael Grabner.
3:55 of 3rd period - Shot Blocked by Ryan Suter.
3:55 of 3rd period - Puck is out of play.
3:56 of 3rd period - Antoine Vermette wins face-off versus Derek Roy in Capitals zone.
4:09 of 3rd period - Wrist shot by Alexander Frolov.
4:09 of 3rd period - Deflect By Antoine Vermette.
4:09 of 3rd period - Shot Blocked by Brent Burns.
4:09 of 3rd period - Puck is out of play.
4:10 of 3rd period - Antoine Vermette wins face-off versus Jason Pominville in Capitals zone.
4:13 of 3rd period - Slapshot by Alex Chiasson.
4:13 of 3rd period - Shot Blocked by Brent Burns.
4:15 of 3rd period - Minor Penalty to Jason Pominville for Roughing.
4:16 of 3rd period - John Tavares wins face-off versus Joe Pavelski in Capitals zone.
4:27 of 3rd period - Slapshot by Ian White.
4:27 of 3rd period - Shot Blocked by Brent Burns.
4:43 of 3rd period - Alexander Frolov is hit by Joe Pavelski and loses puck.
4:52 of 3rd period - Snap shot by Alex Chiasson.
4:52 of 3rd period - Shot Misses the Net.
4:54 of 3rd period - Snap shot by Alex Chiasson.
4:54 of 3rd period - Shot Blocked by Mike Green.
4:56 of 3rd period - Snap shot by Shane O'Brien.
4:56 of 3rd period - Shot Blocked by Brent Burns.
6:15 of 3rd period - Penalty to Jason Pominville is over, Jason Pominville is back on ice.
6:28 of 3rd period - Ryan Getzlaf is hit by Cam Atkinson and loses puck.
7:21 of 3rd period - Brian Lee is hit by Ondrej Palat and loses puck.
7:55 of 3rd period - Minor Penalty to Dustin Brown for Holding.
7:56 of 3rd period - John Tavares wins face-off versus Joe Pavelski in Capitals zone.
8:03 of 3rd period - Snap shot by John Tavares.
8:03 of 3rd period - Stopped by Keith Kinkaid without a rebound.
8:04 of 3rd period - John Tavares wins face-off versus Joe Pavelski in Capitals zone.
8:07 of 3rd period - Wrist shot by John Tavares.
8:07 of 3rd period - Stopped by Keith Kinkaid without a rebound.
8:08 of 3rd period - Joe Pavelski wins face-off versus Guillaume Latendresse in Capitals zone.
8:35 of 3rd period - Alexander Frolov is hit by Mike Green and loses puck.
8:57 of 3rd period - Off-side.
8:58 of 3rd period - Joe Pavelski wins face-off versus John Tavares in neutral zone.
9:01 of 3rd period - Slapshot by Trevor Daley.
9:01 of 3rd period - Stopped by Cory Schneider without a rebound.
9:02 of 3rd period - John Tavares wins face-off versus Joe Pavelski in Stars zone.
9:02 of 3rd period - John Tavares is hit by Mike Green.
9:55 of 3rd period - Penalty to Dustin Brown is over, Dustin Brown is back on ice.
10:47 of 3rd period - Minor Penalty to Joe Pavelski for Holding.
10:48 of 3rd period - John Tavares wins face-off versus Mikko Koivu in Capitals zone.
10:54 of 3rd period - Snap shot by John Tavares.
10:54 of 3rd period - Stopped by Keith Kinkaid without a rebound.
10:55 of 3rd period - Jason Pominville wins face-off versus John Tavares in Capitals zone.
11:04 of 3rd period - Michael Grabner is hit by Duncan Keith and loses puck.
12:01 of 3rd period - Duncan Keith is hit by Alex Chiasson and loses puck.
12:47 of 3rd period - Penalty to Joe Pavelski is over, Joe Pavelski is back on ice.
13:06 of 3rd period - Evgeny Grachev is hit by Mike Green and loses puck.
13:13 of 3rd period - Snap shot by Mike Green.
13:13 of 3rd period - Stopped by Cory Schneider without a rebound.
13:14 of 3rd period - Ryan Getzlaf wins face-off versus Cory Emmerton in Stars zone.
13:15 of 3rd period - Snap shot by Jason Pominville.
13:15 of 3rd period - Shot Blocked by B.J. Crombeen.
13:17 of 3rd period - Wrist shot by Jamie Benn.
13:17 of 3rd period - Shot Blocked by Boris Valabik.
13:19 of 3rd period - Backhand shot by Jason Pominville.
13:19 of 3rd period - Goal by Jason Pominville - Capitals : 1 - Stars : 3.
13:20 of 3rd period - Derek Roy wins face-off versus John Tavares in neutral zone.
13:23 of 3rd period - Snap shot by Joe Pavelski.
13:23 of 3rd period - Deflect By Derek Roy.
13:23 of 3rd period - Stopped by Cory Schneider with a rebound.
14:01 of 3rd period - Snap shot by Antoine Vermette.
14:01 of 3rd period - Stopped by Keith Kinkaid with a rebound.
14:36 of 3rd period - Paul Ladue is hit by Patrick Sharp and loses puck.
15:46 of 3rd period - Wrist shot by Evgeny Grachev.
15:46 of 3rd period - Deflect By Jesse Joensuu.
15:46 of 3rd period - Shot Misses the Net.
15:46 of 3rd period - Puck is out of play.
15:47 of 3rd period - Evgeny Grachev wins face-off versus Ryan Getzlaf in Capitals zone.
16:33 of 3rd period - Wrist shot by Evgeny Grachev.
16:33 of 3rd period - Stopped by Keith Kinkaid without a rebound.
16:34 of 3rd period - Cory Emmerton wins face-off versus Mikko Koivu in Capitals zone.
16:59 of 3rd period - John Tavares is hit by Patrick Sharp.
17:06 of 3rd period - Icing by Ian White.
17:07 of 3rd period - Michael Grabner wins face-off versus Dustin Brown in Stars zone.
17:29 of 3rd period - Off-side.
17:30 of 3rd period - Joe Pavelski wins face-off versus Cory Emmerton in neutral zone.
17:33 of 3rd period - Snap shot by Ondrej Palat.
17:33 of 3rd period - Stopped by Cory Schneider without a rebound.
17:34 of 3rd period - Joe Pavelski wins face-off versus Ted Purcell in Stars zone.
19:31 of 3rd period - Wrist shot by Cory Emmerton.
19:31 of 3rd period - Stopped by Keith Kinkaid without a rebound.
19:32 of 3rd period - Alexander Frolov wins face-off versus Alexander Steen in Capitals zone.
19:43 of 3rd period - Snap shot by Cory Emmerton.
19:43 of 3rd period - Shot Blocked by Dustin Brown.
19:46 of 3rd period - Icing by Marc-Édouard Vlasic.
19:47 of 3rd period - Cory Emmerton wins face-off versus Alexander Steen in Capitals zone.
Goals for this period are 1 for Capitals vs 0 for Stars.
Shots for this period are 5 for Capitals vs 13 for Stars.